 Dungeon Crawl Stone Soup version 0.19-a0-1401-g902f63d (webtiles) character file.

3734 Amnesiac the Merchant of Misery (level 9, -2/45 HPs)
             Began as a Deep Elf Necromancer on Sept 5, 2016.
             Was a Believer of Kikubaaqudgha.
             Killed by the air
             ... invoked by Gastronok
              (18 damage)
             ... on level 9 of the Dungeon.
             The game lasted 00:22:02 (8793 turns).

Amnesiac the Merchant of Misery (DENe)              Turns: 8793, Time: 00:22:02

Health: -2/45      AC:  7    Str: 11    XL:     9   Next: 92%
Magic:  27/27      EV: 13    Int: 27    God:    Kikubaaqudgha [**....]
Gold:   279        SH:  4    Dex: 20    Spells: 8 memorised, 13 levels left

rFire  . . .     SeeInvis +     A - +8 long sword of Dishonesty {venom, +Fly rC+ Str+3 Dex+2}
rCold  + . .     Gourm    .     M - +1 leather armour "Najev" {Int+4}
rNeg   + . .     Faith    .     (no shield)
rPois  .         Spirit   .     h - +1 helmet
rElec  .         Dismiss  .     (no cloak)
rCorr  .         Reflect  +     (no gloves)
MR     .....     Harm     .     d - +0 pair of boots
Stlth  ++........               q - +4 amulet of reflection
                                y - ring of Jeffomu {+Fly rN+ Str+3 Int+2}
                                L - ring of see invisible

@: regenerating (expiring)
A: no striking features
a: Receive Corpses, Renounce Religion, Evoke Flight


You were on level 9 of the Dungeon.
You worshipped Kikubaaqudgha.
Kikubaaqudgha was pleased with you.
You were not hungry.

You visited 2 branches of the dungeon, and saw 10 of its levels.

You collected 351 gold pieces.
You spent 72 gold pieces at shops.

Inventory:

Hand Weapons
 f - a +0 war axe of chopping
 k - a +0 halberd
 A - the +8 long sword of Dishonesty (weapon) {venom, +Fly rC+ Str+3 Dex+2}
   (You found it on level 7 of the Dungeon)

   It poisons the flesh of those it strikes.
   It affects your strength (+3).
   It affects your dexterity (+2).
   It protects you from cold.
   It lets you fly.
 G - a +1 dagger of protection
 H - a +0 dagger of draining
 I - a +1 scimitar of freezing
Armour
 d - a +0 pair of boots (worn)
 h - a +1 helmet (worn)
 M - the +1 leather armour "Najev" (worn) {Int+4}
   (You found it on level 7 of the Dungeon)

   It affects your intelligence (+4).
Magical Staves
 z - an uncursed staff of conjuration
Jewellery
 q - a +4 amulet of reflection (around neck)
 r - an uncursed ring of ice
 y - the ring of Jeffomu (right hand) {+Fly rN+ Str+3 Int+2}
   (You found it on level 6 of the Dungeon)

   [ring of intelligence]

   It affects your strength (+3).
   It affects your intelligence (+2).
   It protects you from negative energy.
   It lets you fly.
 D - an uncursed ring of protection from cold
 L - a ring of see invisible (left hand)
Wands
 w - a wand of disintegration (10/24)
 F - a wand of acid (5/15)
Scrolls
 g - 3 scrolls of fog
 o - a scroll of teleportation
 t - 2 scrolls of blinking
 v - 3 scrolls of remove curse
 J - a scroll of magic mapping
Potions
 e - 6 potions of flight
 i - a potion of might
 j - a potion of cancellation
 l - a potion of lignification
 n - 2 potions of berserk rage
 p - a potion of invisibility
 u - a potion of haste
 C - a potion of ambrosia
 E - a potion of curing
 P - a potion of cure mutation
Books
 b - a book of Necromancy

   Spells                             Type                      Level
   a - Pain                           Necromancy                   1
   b - Animate Skeleton               Necromancy                   1
   c - Vampiric Draining              Necromancy                   3
   d - Regeneration                   Charms/Necromancy            3
   e - Animate Dead                   Necromancy                   4
   f - Control Undead                 Necromancy                   4
 B - a book of Fire

   Spells                             Type                      Level
   a - Ignite Poison                  Fire/Transmutation/Poison    3
   b - Fireball                       Conjuration/Fire             5
   c - Bolt of Fire                   Conjuration/Fire             6
   d - Delayed Fireball               Conjuration/Fire             7
   e - Ring of Flames                 Charms/Fire                  7
 K - Kikubaaqudgha's Guide on Black Rites
   (Kikubaaqudgha gifted it to you on level 2 of the Dungeon)

   Spells                             Type                      Level
   a - Pain                           Necromancy                   1
   b - Corpse Rot                     Necromancy                   2
   c - Sublimation of Blood           Necromancy                   2
   d - Vampiric Draining              Necromancy                   3
   e - Control Undead                 Necromancy                   4
 N - a book of Power

   Spells                             Type                      Level
   a - Fulminant Prism                Conjuration/Hexes            4
   b - Iskenderun's Mystic Blast      Conjuration                  4
   c - Venom Bolt                     Conjuration/Poison           5
   d - Bolt of Magma                  Conjuration/Fire/Earth       5
   e - Iron Shot                      Conjuration/Earth            6
   f - Orb of Destruction             Conjuration                  7
   g - Spellforged Servitor           Conjuration/Summoning        7
Comestibles
 a - 9 royal jellies
 c - 3 bread rations
 m - 5 meat rations
 s - a slice of pizza
 x - 23 fruits


   Skills:
 - Level 2.4 Dodging
 - Level 2.4 Stealth
 - Level 12.5 Spellcasting
 + Level 13.0 Necromancy


You had 13 spell levels left.
You knew the following spells:

 Your Spells              Type           Power        Failure   Level  Hunger
a - Control Undead        Necr           ######....   1%          4    None
b - Animate Skeleton      Necr           N/A          1%          1    None
c - Corpse Rot            Necr           N/A          1%          2    None
d - Sublimation of Blood  Necr           ######....   1%          2    None
e - Animate Dead          Necr           N/A          1%          4    None
f - Vampiric Draining     Necr           ######....   1%          3    None
r - Regeneration          Chrm/Necr      ######....   1%          3    None
z - Pain                  Necr           ####         1%          1    None


Dungeon Overview and Level Annotations

Branches:
Dungeon (9/15)             Temple (1/1) D:7
   Lair: D:8-11         Orc: D:9-12

Altars:
Ashenzari
Dithmenos
Elyvilon
Fedhas
Gozag
Hepliaklqana
Kikubaaqudgha
Okawaru
Ru
Vehumet
Xom
Zin

Shops:
D:5 %*?*

Annotations:
D:3 Grinder
D:9 Gastronok


Message History

Gastronok bites you!
You slash Gastronok!
Gastronok looks as sick as possible!
Gastronok is lightly wounded.
You hit Gastronok.
Gastronok is moderately wounded.
Gastronok gurgles, "I'll eat you, I will!"
Gastronok waves his eye-stalks in wide circles.
The air twists around and strikes you!
Ouch! That really hurt!
* * * LOW HITPOINT WARNING * * *
Gastronok's eyestalks quiver as he mumbles some strange words.
The bat hits you but does no damage. The bat completely misses you.
You riposte.
You slash the bat!
You kill the bat!
The bat's corpse disappears in a puff of smoke!
Your skin is crawling a little less now.
Gastronok waves his eye-stalks in wide circles.
The air twists around and strikes you!
You die...
Kikubaaqudgha rasps: "You have failed me!
Welcome... death!"

#.........r.wr........'..
#.##.#...w###.........##.
#.##.##.#.# ##....... #.
#.##.####.# #.....####.
#.##..# #.# #.......#.
#.###.# #.# ##+#..#...
#.# #.# #.# #..≈.≈.≈.
#.###.###.# #.≈##'##≈
#.......@.# ##.##...##
#####.##### ##..##.#.#
#.# ####...##...# #.#
#......###'##
#.######.####.# #.#
#........# #.# ###
########## #.# #.# .#


You could see Gastronok.

Vanquished Creatures
  Pikel (D:5)
  Joseph (D:7)
  Eustachio (D:5)
  A hungry ghost (D:8)
  An ogre (D:4)
  An orc warrior (D:7)
  An ice beast (D:7)
  2 sky beasts
  2 centaurs
  A crocodile (D:8)
  A big kobold (D:8)
  6 giant frogs
  A water moccasin zombie (D:8)
  6 killer bees (D:8)
  A scorpion (D:4)
  A howler monkey (D:7)
  3 crimson imps
  2 hounds
  A giant frog skeleton (D:5)
  A giant frog zombie (D:5)
  4 jellies
  6 orc priests
  Natasha (thrice) (D:2)
  5 orc wizards
  6 worker ants
  2 hound skeletons
  9 adders
  5 oozes (D:9)
  An adder zombie (D:8)
  An adder skeleton (D:4)
  2 worms
  3 dart slugs (D:1)
  4 giant geckos
  20 orcs
  4 giant cockroaches
  4 hobgoblins
  4 jackals
  7 kobolds
  2 quokkas
  A ball python (D:3)
  5 bats
  A giant gecko zombie (D:8)
  A giant newt (D:4)
  4 goblins
  A jackal skeleton (D:5)
  A rat (D:3)
141 creatures vanquished.

Vanquished Creatures (collateral kills)
  A jelly (D:5)
  A worker ant zombie (D:5)
  A howler monkey skeleton (D:5)
3 creatures vanquished.

Vanquished Creatures (others)
  The ghost of Aquadorian the Cutter, a novice CeHu (D:5)
  2 slaves (D:5)
3 creatures vanquished.

Grand Total: 147 creatures vanquished

Notes
Turn   | Place    | Note
-------+----------+-------------------------------------------
     0 | D:1      | Amnesiac the Deep Elf Necromancer began the quest for the Orb.
     0 | D:1      | Reached XP level 1. HP: 10/10 MP: 6/6
   400 | D:3      | Reached skill level 5 in Necromancy
   400 | D:3      | Reached XP level 2. HP: 11/15 MP: 2/8
   474 | D:3      | Found a shimmering altar of Xom.
   626 | D:3      | Found a shattered altar of Ashenzari.
   927 | D:4      | Noticed a scorpion
  1045 | D:4      | Found a white marble altar of Elyvilon.
  1064 | D:4      | Reached XP level 3. HP: 13/19 MP: 3/10
  1069 | D:4      | Learned a level 3 spell: Vampiric Draining
  1073 | D:4      | Learned a level 3 spell: Regeneration
  1298 | D:4      | Reached XP level 4. HP: 21/24 MP: 9/12
  1307 | D:4      | Learned a level 4 spell: Control Undead
  1309 | D:4      | Learned a level 1 spell: Animate Skeleton
  1641 | D:4      | Noticed an ogre
  1667 | D:4      | Killed an ogre
  1667 | D:4      | Reached skill level 5 in Spellcasting
  1667 | D:4      | Reached skill level 6 in Necromancy
  1667 | D:4      | Reached XP level 5. HP: 7/28 MP: 5/15
  1846 | D:5      | Entered Level 5 of the Dungeon
  1846 | D:5      | Found Xaorullu's Food Shop.
  1915 | D:5      | Reached skill level 7 in Necromancy
  1926 | D:5      | Found Hirgh's Assorted Antiques.
  1945 | D:5      | Bought a scroll labeled WIECZE CIRE for 24 gold pieces
  1945 | D:5      | Bought a scroll labeled WIECZE CIRE for 24 gold pieces
  1945 | D:5      | Bought a scroll labeled HEOFEU JOIRHIPEE for 24 gold pieces
  1963 | D:5      | Found Umuifits's Magic Scroll Shop.
  1971 | D:5      | Noticed Eustachio
  1978 | D:5      | Reached XP level 6. HP: 23/32 MP: 9/17
  1985 | D:5      | Killed Eustachio
  2092 | D:5      | Noticed Aquadorian's ghost (novice CeHu)
  2430 | D:5      | Reached skill level 8 in Necromancy
  2430 | D:5      | Reached XP level 7. HP: 4/36 MP: 4/19
  2970 | D:5      | Noticed Pikel
  2994 | D:5      | Killed Pikel
  2994 | D:5      | Reached skill level 9 in Necromancy
  2994 | D:5      | Reached XP level 8. HP: 33/41 MP: 6/23
  3106 | D:5      | Found Yxuest's General Store.
  3238 | D:5      | Killed Aquadorian's ghost
  3877 | D:6      | Reached skill level 10 in Necromancy
  3914 | D:6      | Got a clouded ivory ring
  3920 | D:6      | Identified the ring of Jeffomu {+Fly rN+ Str+3 Int+2} (You found it on level 6 of the Dungeon)
  4037 | D:7      | Reached skill level 10 in Spellcasting
  4222 | D:7      | Found a staircase to the Ecumenical Temple.
  4291 | Temple   | Entered the Ecumenical Temple
  4311 | Temple   | Became a worshipper of Kikubaaqudgha
  5118 | D:2      | Noticed Natasha
  5123 | D:2      | Killed Natasha
  5224 | D:2      | Noticed Natasha
  5229 | D:2      | Killed Natasha
  5648 | D:2      | Noticed Natasha
  5654 | D:2      | Killed Natasha
  5654 | D:2      | Reached * piety under Kikubaaqudgha
  5654 | D:2      | Identified Kikubaaqudgha's Guide on Black Rites (Kikubaaqudgha gifted it to you on level 2 of the Dungeon)
  5654 | D:2      | Received a gift from Kikubaaqudgha
  5804 | D:2      | Found a radiant altar of Vehumet.
  6073 | D:3      | Noticed Grinder
  6259 | D:3      | Learned a level 2 spell: Corpse Rot
  6262 | D:3      | Learned a level 2 spell: Sublimation of Blood
  6267 | D:3      | Learned a level 4 spell: Animate Dead
  6498 | D:7      | Gained mutation: Your muscles are strong. (Str +2) [mutagenic meat]
  6498 | D:7      | Gained mutation: You tend to lose your temper in combat. [potion of mutation]
  6503 | D:7      | Lost mutation: Your muscles are strong. (Str +2) [potion of cure mutation]
  6503 | D:7      | Lost mutation: You tend to lose your temper in combat. [potion of cure mutation]
  6706 | D:7      | Reached skill level 11 in Necromancy
  6706 | D:7      | Reached XP level 9. HP: 29/45 MP: 11/26
  6867 | D:7      | Found a glowing silver altar of Zin.
  6902 | D:7      | Found a hazy altar of Hepliaklqana.
  6997 | D:7      | Noticed Joseph
  7220 | D:7      | Got an ancient long sword
  7221 | D:7      | Identified the +8 long sword of Dishonesty {venom, +Fly rC+ Str+3 Dex+2} (You found it on level 7 of the Dungeon)
  7386 | D:7      | Killed Joseph
  7473 | D:7      | Reached skill level 12 in Necromancy
  7508 | D:7      | Found a sacrificial altar of Ru.
  7625 | D:7      | Got a faintly humming leather armour
  7636 | D:7      | Identified the +1 leather armour "Najev" {Int+4} (You found it on level 7 of the Dungeon)
  8108 | D:8      | Found an opulent altar of Gozag.
  8398 | D:8      | Reached ** piety under Kikubaaqudgha
  8572 | D:9      | Noticed Gastronok
  8594 | D:9      | Reached skill level 13 in Necromancy
  8793 | D:9      | Killed from afar by Gastronok

Vault maps used:
D:1:      mrwooster_arrival_statue_3
D:2:      fiery_altar_vehumet, kennysheep_generic_room_5, uniq_natasha
D:3:      lemuel_crystal_altar, cheibrodos_ashenzari_chains, uniq_grinder
D:4:      lemuel_round_altar, first_bread, minmay_box_of_dots
D:5:      serial_shops, nicolae_shop_overgrown_old_shop,
          nicolae_shop_behind_doors, kennysheep_mini, shop_fountains,
          dk_vineyard_2, uniq_pikel, uniq_eustachio
D:7:      zin_treasury, nicolae_ru_path_of_blood, marbit_many_paths, uniq_joseph
D:8:      nicolae_overflow_hidden_temple
D:9:      hangedman_little_slice_of_home, grunt_decor_cap, cheibriados_altar_1,
          uniq_gastronok, uniq_erica
Temple:   oiseaux_autumnal_temple

Skill      XL: |  1  2  3  4  5  6  7  8  9 |
---------------+----------------------------+-----
Necromancy     | 5 6 7 8 9 11 13 | 13.0
Spellcasting   | 4 5 6 7 9 11 12 | 12.5
Dodging        | |  2.4
Stealth        | |  2.4

Action                   |  1- 3 |  4- 6 |  7- 9 || total
-------------------------+-------+-------+-------++-------
Melee: Halberd           |    12 |    18 |    50 ||    80
       War axe           |       |       |    17 ||    17
       Dagger            |       |       |    10 ||    10
       Long sword        |       |       |   125 ||   125
       Unarmed           |       |       |     7 ||     7
 Cast: Pain              |    42 |    29 |   147 ||   218
       Vampiric Draining |       |     3 |    46 ||    49
       Regeneration      |       |     2 |    16 ||    18
       Control Undead    |       |     3 |     8 ||    11
  Use: Scroll            |     4 |    10 |     9 ||    23
       Potion            |       |       |     9 ||     9
 Stab: Sleeping          |     1 |     1 |     8 ||    10
       Distracted        |       |       |     1 ||     1
  Eat: Chunk             |     1 |     4 |    21 ||    26
       Fruit             |       |       |     2 ||     2
       Royal jelly       |       |       |     1 ||     1
Armor: Robe              |     7 |     9 |    29 ||    45
       Leather armour    |       |       |    43 ||    43
Dodge: Dodged            |    18 |    29 |   146 ||   193
Block: Other             |       |     2 |    26 ||    28
       Reflection        |       |     2 |       ||     2
